 Dungeon Crawl Stone Soup version 0.26-a0-682-g294304f6e8 (webtiles) character file.

Game seed: 1770732891527225660

126 somkeydreadnuts the Magician (level 4, 0/24 HPs)
             Began as a Deep Elf Fire Elementalist on Oct 21, 2020.
             Succumbed to a killer bee's poison
             ... on level 3 of the Dungeon.
             The game lasted 00:09:05 (1990 turns).

somkeydreadnuts the Magician (DEFE)                 Turns: 1990, Time: 00:09:05

Health: 0/24       AC:  2    Str:  5    XL:     4   Next: 83%
Magic:  8/12       EV: 13    Int: 21    God:
Gold:   195        SH:  0    Dex: 15    Spells: 11/12 levels left

rFire    . . .     SeeInvis .   m - -2 dagger (curse)
rCold    . . .     Faith    .   (no shield)
rNeg     . . .     Spirit   .   a - +0 robe
rPois    .         Reflect  .   (no helmet)
rElec    .         Harm     .   (no cloak)
rCorr    .         Rampage  .   (no gloves)
MR       .....                  (no boots)
Stlth    ++........             (no amulet)
HPRegen  0.08/turn              (no ring)
MPRegen  0.13/turn              (no ring)

@: lethally poisoned (0 -> -12)
A: no striking features
a: no special abilities


You were on level 3 of the Dungeon.
You visited 1 branch of the dungeon, and saw 4 of its levels.

You collected 195 gold pieces.

Inventory:

Hand Weapons
 b - a +0 short sword
 m - a cursed -2 dagger (weapon)
Armour
 a - a +0 robe (worn)
 k - a +0 kite shield
Scrolls
 c - a scroll of teleportation {unknown}
 e - 5 scrolls of identify {unknown}
 f - a scroll of enchant weapon {unknown}
 g - 2 scrolls of fog {unknown}
 h - a scroll of amnesia {unknown}
 i - a scroll of remove curse {unknown}
Potions
 d - 2 potions of stabbing {unknown}
 j - a potion of mutation {unknown}
 l - a potion of resistance {unknown}
 n - a potion of degeneration {unknown}
 o - a potion of brilliance {unknown}


   Skills:
 - Level 2.9 Dodging
 - Level 2.8 Stealth
 + Level 4.9 Spellcasting
 - Level 1.8 Conjurations
 + Level 4.5 Fire Magic


You had 11 spell levels left.
You knew the following spells:

 Your Spells              Type           Power        Failure   Level
a - Foxfire               Conj/Fire      ###.         3%          1

Your spell library contained the following spells:

 Spells                   Type           Power        Failure   Level
 Conjure Flame            Conj/Fire      ###.....     9%          3
 Inner Flame              Hex/Fire       ##......     13%         3
 Sticky Flame             Conj/Fire      ###.....     30%         4
 Fireball                 Conj/Fire      ###.......   63%         5


Dungeon Overview and Level Annotations

Branches:
Dungeon (4/15)
 Temple: D:4-7

Altars:
Makhleb
Zin


Message History

You conjure some foxfire!
You feel sick. The killer bee closely misses you. The killer bee stings you.
You are lethally poisoned!
The killer bee poisons you!
* * * LOW HITPOINT WARNING * * *
You feel sick.
The foxfire hits the killer bee.
The killer bee is lightly wounded.
The foxfire hits the killer bee!
The killer bee is heavily wounded.
The killer bee closely misses you.
Casting: Foxfire (safe; 3% risk of failure)
Confirm with . or Enter, or press ? or * to list all spells.
You conjure some foxfire!
* * * LOW HITPOINT WARNING * * *
You feel sick. The killer bee closely misses you. The killer bee stings you.
* * * LOW HITPOINT WARNING * * *
Casting: Foxfire (safe; 3% risk of failure)
Confirm with . or Enter, or press ? or * to list all spells.
You conjure some foxfire!
You die...

#.####..# # ..# #.####..#
..# .## #.##....# #?# .
#.##.##.# #.# .. #.......#
#.# ##.....## #.# ##.
##.......### #.###..$.
##..........######.......y
......>...#....v@y..#
####.....######vvv.##
#####...## #.####
..ยง....## #... ......##
#...# ####..# #...#
##....# #...# #.....###
#...# #.......#


You could see a killer bee.

Vanquished Creatures
  Terence (D:3)
  5 adders (D:2)
  2 dart slugs (D:1)
  4 giant cockroaches
  4 goblins (D:2)
  8 hobgoblins
  4 jackals (D:1)
  7 kobolds
  A quokka (D:2)
  A bat (D:1)
  7 frilled lizards
  6 rats
50 creatures vanquished.

Vanquished Creatures (others)
  123 foxfires
123 creatures vanquished.

Grand Total: 173 creatures vanquished

Notes
Turn   | Place    | Note
-------+----------+-------------------------------------------
     0 | D:1      | somkeydreadnuts the Deep Elf Fire Elementalist began the
                  | quest for the Orb.
     0 | D:1      | Reached XP level 1. HP: 10/10 MP: 6/6
    33 | D:1      | Reached XP level 2. HP: 7/15 MP: 0/8
   411 | D:1      | Reached XP level 3. HP: 6/19 MP: 0/9
  1029 | D:2      | Found a glowing silver altar of Zin.
  1088 | D:2      | Reached XP level 4. HP: 22/24 MP: 7/12
  1645 | D:2      | Found a burning altar of Makhleb.
  1774 | D:2      | You fall into a shaft and drop 2 floors!
  1804 | D:3      | Noticed Terence
  1813 | D:3      | Killed Terence
  1920 | D:3      | Noticed an ice beast
  1989 | D:3      | HP: 1/24 [killer bee (6)]
  1990 | D:3      | Succumbed to a killer bee's poison

Illustrated notes

Levels and vault maps discovered:
D:1:      eino_arrival_tree_alley, layout_rooms
D:2:      layout_loops_cross, zin_academy, nicolae_overflow_crystal_walls
D:3:      layout_loops_cross, uniq_terence
D:4:      layout_cave_pools, cheibrodos_sewer_entry_bend

Skill      XL: |  1  2  3 |
---------------+----------+-----
Spellcasting   | 4 |  4.9
Fire Magic     | 4 |  4.5
Dodging        | |  2.9
Stealth        | |  2.8
Conjurations   | |  1.8

Action                   |  1- 3 |  4- 6 || total
-------------------------+-------+-------++-------
Melee: Unarmed           |     2 |       ||     2
       Short sword       |     5 |       ||     5
 Cast: Foxfire           |    49 |    28 ||    77
Armor: Robe              |     4 |     3 ||     7
Dodge: Dodged            |    22 |    12 ||    34

Table legend: (Time is in decaauts)
 A = Elapsed time spent in this place.
 B = Non-inter-level travel time spent in this place.
 C = Inter-level travel time spent in this place.
 D = Time resting spent in this place.
 E = Time spent auto-exploring this place.
 F = Levels seen in this place.
 G = Mean time per level.
                   A        B        C        D        E       F      G
               +--------+--------+--------+--------+--------+-----+--------+
         Total |   1988 |   1988 |      0 |      0 |   1350 |   4 |  497.0 |
       Dungeon |   1988 |   1988 |      0 |      0 |   1350 |   4 |  497.0 |
               +--------+--------+--------+--------+--------+-----+--------+

Top non-repeatable levels by time:
     D:2: 905 daAuts
     D:1: 868 daAuts
     D:3: 189 daAuts
     D:4: 25 daAuts
